[Event "RUS-chT Women Rapid 2019"]
[Site "Sochi"]
[Date "2019.10.18"]
[Round "3.3"]
[White "Lukina, Aleksandra"]
[Black "Belenkaya, Dina"]
[Result "1/2-1/2"]
[ECO "D23"]
[WhiteElo "2060"]
[BlackElo "2300"]
[Annotator "NA"]
[PlyCount "103"]
[EventDate "2019.10.18"]
[EventType "swiss"]
[EventCountry "RUS"]
[SourceTitle "playchess.com"]
[Source "ChessBase"]
[SourceQuality "1"]
[TimeControl "900+10"]

1. d4 d5 2. c4 dxc4 3. Nf3 Nf6 4. g3 c5 5. Bg2 Nc6 6. Qa4 cxd4 7. Nxd4 Qxd4 8. Bxc6+ Bd7 9. Bxd7+ Qxd7 10. Qxd7+ Nxd7 11. Nc3 e6 12. O-O a6 13. a4 Bc5 14. Ne4 Bb4 15. Rd1 Ke7 16. a5 f5 17. Nd2 Rhc8 18. Ra4 Bxd2 19. Bxd2 b5 20. axb6 Nxb6 21. Bg5+ Ke8 22. Rb4 Rc6 23. f3 h6 24. Bc1 Rd8 25. Rxd8+ Kxd8 26. e4 fxe4 27. fxe4 Nd7 28. Be3 Kc7 29. Kg2 Kd6 30. Bf4+ e5 31. Be3 h5 32. h3 g6 33. Kf3 c3 34. bxc3 Rxc3 35. Ke2 Ra3 36. Rb2 a5 37. Rd2+ Ke6 38. Rc2 Kd6 39. Rd2+ Kc6 40. Rc2+ Kd6 41. Rd2+ Ke7 42. Rc2 a4 43. Rc6 Ra2+ 44. Kf3 Kf7 45. Rc7 Ke8 46. Rc6 Nf8 47. Bh6 Ra3+ 48. Kf2 Ra2+ 49. Kf3 Nd7 50. Rxg6 a3 51. Bg5 Ra1 52. Re6+ 1/2-1/2

[Event "RUS-chT Women Rapid 2019"]
[Site "Sochi"]
[Date "2019.10.18"]
[Round "3.4"]
[White "Styazhkina, Anna"]
[Black "Usacheva, Glafira"]
[Result "1-0"]
[ECO "B53"]
[WhiteElo "2280"]
[BlackElo "1905"]
[Annotator "NA"]
[PlyCount "89"]
[EventDate "2019.10.18"]
[EventType "swiss"]
[EventCountry "RUS"]
[SourceTitle "playchess.com"]
[Source "ChessBase"]
[SourceQuality "1"]
[TimeControl "900+10"]

1. e4 c5 2. Nf3 d6 3. d4 cxd4 4. Qxd4 Nc6 5. Bb5 Bd7 6. Qd3 h6 7. c4 a6 8. Bxc6 Bxc6 9. Nc3 e5 10. O-O Nf6 11. Rd1 Be7 12. b4 O-O 13. a4 Bd7 14. h3 Be6 15. Be3 Rc8 16. Nd2 Qc7 17. Rac1 Qd7 18. a5 Rfe8 19. Ne2 Nh7 20. Ng3 Bf8 21. Bb6 g6 22. Nf3 Qe7 23. b5 Ng5 24. Nd2 Qf6 25. Qe3 Qe7 26. bxa6 bxa6 27. Qd3 Rc6 28. Rc3 Rec8 29. Rdc1 h5 30. Ngf1 Bh6 31. Ne3 Re8 32. Nd5 Bxd5 33. cxd5 Rxc3 34. Rxc3 Qf6 35. Rc7 h4 36. Be3 Qd8 37. Qc2 Bg7 38. Qc6 Nh7 39. Qb7 Qf6 40. Nf3 Bf8 41. Qxa6 Be7 42. Qc6 Rb8 43. Rc8+ Rxc8 44. Qxc8+ Kg7 45. a6 1-0

[Event "RUS-chT Women Rapid 2019"]
[Site "Sochi"]
[Date "2019.10.18"]
[Round "3.5"]
[White "Voit, Daria"]
[Black "Gunina, Valentina"]
[Result "0-1"]
[ECO "E10"]
[WhiteElo "2336"]
[BlackElo "2509"]
[Annotator "ChessBase"]
[PlyCount "96"]
[EventDate "2019.10.18"]
[EventType "swiss"]
[EventCountry "RUS"]
[SourceTitle "playchess.com"]
[Source "ChessBase"]
[SourceQuality "1"]
[TimeControl "900+10"]

1. d4 Nf6 2. Nf3 e6 3. c4 c5 4. d5 b5 5. Bg5 exd5 6. cxd5 h6 7. Bxf6 Qxf6 8. Qc2 Be7 9. e4 Qb6 10. a4 b4 11. Nbd2 d6 12. Bb5+ Bd7 13. Nc4 Qc7 14. e5 O-O 15. Bxd7 Nxd7 16. Rd1 Nb6 17. exd6 Bxd6 18. O-O Rfe8 19. g3 Nd7 20. b3 Nf6 21. Rfe1 Rad8 22. Rxe8+ Rxe8 23. Qf5 Ne4 24. Re1 g6 25. Rxe4 gxf5 26. Rxe8+ Kg7 27. Nfe5 Bf8 28. f4 f6 29. Nc6 Qf7 30. Rd8 Qh5 31. Rd7+ Kg6 32. N6a5 Qd1+ 33. Kg2 Qe2+ 34. Kg1 Kh5 35. h3 Qf3 36. Rf7 Qxg3+ 37. Kf1 Qxf4+ 38. Ke2 Qe4+ 39. Kf2 Bd6 40. Nxd6 Qf4+ 41. Ke2 Qxd6 42. Nc4 Qxd5 43. Rxf6 Qe4+ 44. Kf1 Qd3+ 45. Kg2 Qc2+ 46. Kf1 Kg5 47. Rc6 Qd3+ 48. Kf2 Kf4 0-1

[Event "RUS-chT Women Rapid 2019"]
[Site "Sochi"]
[Date "2019.10.18"]
[Round "3.6"]
[White "Bivol, Alina"]
[Black "Tomilova, Elena"]
[Result "0-1"]
[ECO "A15"]
[WhiteElo "2371"]
[BlackElo "2345"]
[Annotator "NA"]
[PlyCount "118"]
[EventDate "2019.10.18"]
[EventType "swiss"]
[EventCountry "RUS"]
[SourceTitle "playchess.com"]
[Source "ChessBase"]
[SourceQuality "1"]
[TimeControl "900+10"]

1. c4 Nf6 2. g3 c6 3. Bg2 d5 4. cxd5 cxd5 5. Nf3 Nc6 6. d4 Bf5 7. O-O e6 8. Nc3 Be7 9. Ne5 O-O 10. Nxc6 bxc6 11. Na4 Qa5 12. Bd2 Qb5 13. Rc1 Rfc8 14. Be3 Rab8 15. h3 h6 16. Kh2 Nd7 17. g4 Bd6+ 18. Kh1 Bg6 19. Bf3 c5 20. dxc5 Nxc5 21. Nxc5 Bxc5 22. Bxc5 Rxc5 23. b3 Rbc8 24. Rxc5 Qxc5 25. Qd2 Qa3 26. h4 Rc2 27. Qf4 Qxa2 28. h5 Be4 29. Bxe4 dxe4 30. Rd1 Rc8 31. Rd7 Rf8 32. Qe3 a5 33. Kg2 Qb2 34. Rd4 Rb8 35. Qxe4 Qxb3 36. Rd7 Qb4 37. Qf3 Rf8 38. Rb7 Qc5 39. Qe4 Qg5 40. Ra7 Rd8 41. Qf3 f6 42. Kh3 Rd4 43. Ra8+ Kh7 44. e3 Rb4 45. Re8 f5 46. Qa8 Qxg4+ 47. Kh2 Qxh5+ 48. Kg2 Qg4+ 49. Kh2 Qh4+ 50. Kg2 Qe4+ 51. Qxe4 Rxe4 52. Ra8 a4 53. Kf3 Kg6 54. Ra7 Kf6 55. Ke2 h5 56. f3 Rb4 57. f4 h4 58. Kf2 Rb2+ 59. Kf3 Ra2 0-1

[Event "RUS-chT Women Rapid 2019"]
[Site "Sochi"]
[Date "2019.10.18"]
[Round "3.7"]
[White "Vasilevich, Tatjana"]
[Black "Maltsevskaya, Aleksandra"]
[Result "1/2-1/2"]
[ECO "A57"]
[WhiteElo "2360"]
[BlackElo "2333"]
[Annotator "NA"]
[PlyCount "114"]
[EventDate "2019.10.18"]
[EventType "swiss"]
[EventCountry "RUS"]
[SourceTitle "playchess.com"]
[Source "ChessBase"]
[SourceQuality "1"]
[TimeControl "900+10"]

1. d4 Nf6 2. c4 c5 3. d5 b5 4. Nf3 bxc4 5. Nc3 g6 6. e4 Bg7 7. Bxc4 O-O 8. O-O d6 9. Bg5 h6 10. Bf4 Nbd7 11. h3 Qb6 12. Qe2 Rb8 13. Rab1 Nh5 14. Bd2 Kh7 15. Na4 Qc7 16. Rfc1 Nb6 17. Nxb6 axb6 18. Bc3 Bd7 19. Bxg7 Nxg7 20. b4 b5 21. Bb3 c4 22. Bd1 Qa7 23. a4 bxa4 24. Qd2 Rfc8 25. Nd4 c3 26. Rxc3 Rxc3 27. Qxc3 a3 28. Ra1 Qb6 29. b5 Bxb5 30. Rxa3 Qc5 31. Nxb5 Rxb5 32. Qxc5 Rxc5 33. Kf1 Rc4 34. Bf3 Rc7 35. Ke2 Ne8 36. Kd2 Nf6 37. Rc3 Ra7 38. g3 Nd7 39. Be2 Nc5 40. Ke3 Ra4 41. Bd3 Ra5 42. Bc2 Kg7 43. h4 Kf6 44. f4 g5 45. hxg5+ hxg5 46. Kf3 e6 47. dxe6 Nxe6 48. Ke3 gxf4+ 49. gxf4 Rh5 50. Bd1 Rh4 51. Rc6 Rh3+ 52. Kf2 Rd3 53. Rxd6 Rxd6 54. e5+ Ke7 55. exd6+ Kxd6 56. Bb3 Nxf4 57. Bxf7 Ke5 1/2-1/2

[Event "RUS-chT Women Rapid 2019"]
[Site "Sochi"]
[Date "2019.10.18"]
[Round "3.8"]
[White "Obolentseva, Alexandra"]
[Black "Illina, Natalia"]
[Result "1/2-1/2"]
[ECO "E32"]
[WhiteElo "2282"]
[BlackElo "2081"]
[Annotator "NA"]
[PlyCount "113"]
[EventDate "2019.10.18"]
[EventType "swiss"]
[EventCountry "RUS"]
[SourceTitle "playchess.com"]
[Source "ChessBase"]
[SourceQuality "1"]
[TimeControl "900+10"]

1. d4 Nf6 2. c4 e6 3. Nc3 Bb4 4. Qc2 O-O 5. a3 Bxc3+ 6. Qxc3 d5 7. Nf3 dxc4 8. Qxc4 b6 9. Bf4 Ba6 10. Qc2 Qc8 11. g3 c5 12. dxc5 Qxc5 13. Qxc5 bxc5 14. Rc1 Nbd7 15. e3 Bb7 16. Be2 e5 17. Bg5 Ne4 18. O-O f6 19. Rfd1 Nb6 20. Bh4 g5 21. Bd3 gxh4 22. Nxh4 Rfd8 23. f3 Ng5 24. Be2 e4 25. f4 Nf3+ 26. Bxf3 exf3 27. Kf2 Be4 28. Rxd8+ Rxd8 29. Nxf3 Bxf3 30. Kxf3 c4 31. Ke2 Kf7 32. Rc3 f5 33. b3 cxb3 34. Rxb3 Rd5 35. Rc3 Ra5 36. Kf3 Ke6 37. e4 fxe4+ 38. Kxe4 Ra4+ 39. Kf3 h5 40. Re3+ Kf6 41. Kf2 a5 42. h3 h4 43. gxh4 Rxf4+ 44. Kg3 Ra4 45. Kf2 Rxh4 46. Rb3 Nc4 47. Ke2 Ke5 48. Kd3 Nd6 49. Kc2 Kd5 50. Rd3+ Kc5 51. Rg3 Kb5 52. Kb2 Nc4+ 53. Kb3 Nd2+ 54. Kc2 Ne4 55. Rg4 Rxh3 56. Rxe4 Rxa3 57. Kb2 1/2-1/2

[Event "RUS-chT Women Rapid 2019"]
[Site "Sochi"]
[Date "2019.10.18"]
[Round "3.9"]
[White "Badelka, Olga"]
[Black "Ambartsumova, Karina"]
[Result "1/2-1/2"]
[ECO "D35"]
[WhiteElo "2413"]
[BlackElo "2341"]
[Annotator "NA"]
[PlyCount "111"]
[EventDate "2019.10.18"]
[EventType "swiss"]
[EventCountry "RUS"]
[SourceTitle "playchess.com"]
[Source "ChessBase"]
[SourceQuality "1"]
[TimeControl "900+10"]

1. d4 d5 2. c4 e6 3. Nc3 Nf6 4. cxd5 exd5 5. Bg5 c6 6. e3 Be7 7. Qc2 Nbd7 8. Bd3 h6 9. Bh4 Nh5 10. Bxe7 Qxe7 11. O-O-O Nb6 12. h3 Nf6 13. Nf3 Be6 14. Kb1 O-O-O 15. Rc1 Kb8 16. Na4 Nfd7 17. Nc5 Nxc5 18. Qxc5 Qxc5 19. dxc5 Nd7 20. Nd4 Ne5 21. Be2 Bd7 22. f4 Ng6 23. Bd3 Rhe8 24. Bxg6 fxg6 25. Rc3 Bf5+ 26. Kc1 Be4 27. Rg1 Re7 28. Kd2 Rf8 29. Rcc1 g5 30. g3 Kc8 31. h4 Kd7 32. b4 a6 33. a4 Ref7 34. Ra1 Ra8 35. Rgf1 gxf4 36. gxf4 Rff8 37. Rg1 Rf7 38. Kc3 g6 39. Ra2 Re7 40. Rh2 h5 41. Ra2 Ke8 42. Rga1 Kd7 43. b5 axb5 44. axb5 Rxa2 45. Rxa2 cxb5 46. Ra7 Kc7 47. c6 Kb6 48. Rxb7+ Rxb7 49. cxb7 Kxb7 50. Nxb5 Kc6 51. Kb4 Bd3 52. Nd4+ Kd6 53. Nf3 Ke6 54. Kc3 Be4 55. Nd4+ Kd6 56. Kb4 {[%emt 0:00:05] Ke5} 1/2-1/2

[Event "RUS-chT Women Rapid 2019"]
[Site "Sochi"]
[Date "2019.10.18"]
[Round "3.10"]
[White "Shafigullina, Zarina"]
[Black "Sukhareva, Evgeniya"]
[Result "1-0"]
[ECO "A46"]
[WhiteElo "2295"]
[BlackElo "2122"]
[Annotator "NA"]
[PlyCount "129"]
[EventDate "2019.10.18"]
[EventType "swiss"]
[EventCountry "RUS"]
[SourceTitle "playchess.com"]
[Source "ChessBase"]
[SourceQuality "1"]
[TimeControl "900+10"]

1. d4 Nf6 2. Nf3 e6 3. g3 b6 4. Bg2 Bb7 5. O-O g6 6. c4 Bg7 7. Nc3 Ne4 8. Bd2 Nxc3 9. Bxc3 d6 10. Re1 Nd7 11. e4 O-O 12. Qc2 e5 13. b3 Qe7 14. Rad1 c5 15. dxe5 dxe5 16. Qb2 f6 17. Nd2 Nb8 18. Nf1 Bh6 19. Bh3 Bc8 20. Bxc8 Rxc8 21. f4 exf4 22. Bxf6 Qe6 23. e5 fxg3 24. Nxg3 Nc6 25. Rd6 Qg4 26. e6 Qf3 27. Qf2 Qxf2+ 28. Kxf2 Rf8 29. e7 Nxe7 30. Rxe7 Rae8 31. Rxe8 Rxe8 32. Rd8 Rxd8 33. Bxd8 Bf4 34. h3 Kf7 35. Kf3 Be5 36. Ne4 h6 37. Bh4 Ke6 38. Bg3 Bd4 39. Bb8 Kd7 40. Kf4 Bg1 41. Kg4 Bd4 42. Bf4 Bg7 43. Bd2 Bd4 44. Bxh6 Ke6 45. Bf4 a6 46. Kg5 Kf7 47. Nd6+ Kg7 48. Ne8+ Kf7 49. Nc7 Bf6+ 50. Kg4 a5 51. Nd5 Bd4 52. Nxb6 Ke6 53. Nd5 Bf2 54. Bc7 Be1 55. Kg5 Kf7 56. Bb6 Bd2+ 57. Kg4 Ke6 58. Bxc5 Ke5 59. Be3 Be1 60. Kg5 Ke4 61. Kxg6 Kd3 62. Kf5 Kc2 63. c5 Bh4 64. c6 Bd8 65. Bb6 1-0

[Event "RUS-chT Women Rapid 2019"]
[Site "Sochi"]
[Date "2019.10.18"]
[Round "3.11"]
[White "Chan, Naruna"]
[Black "Yakimova, Mariya"]
[Result "0-1"]
[ECO "B22"]
[WhiteElo "1890"]
[BlackElo "2276"]
[Annotator "NA"]
[PlyCount "82"]
[EventDate "2019.10.18"]
[EventType "swiss"]
[EventCountry "RUS"]
[SourceTitle "playchess.com"]
[Source "ChessBase"]
[SourceQuality "1"]
[TimeControl "900+10"]

1. e4 c5 2. c3 d5 3. exd5 Qxd5 4. d4 Nc6 5. Nf3 Bf5 6. Be3 e6 7. c4 Qd8 8. Nc3 cxd4 9. Nxd4 Nxd4 10. Qxd4 Qxd4 11. Bxd4 Nf6 12. Be2 a6 13. O-O Be7 14. Bf3 O-O-O 15. Rfd1 Rhg8 16. h3 Nd7 17. Rac1 Bg5 18. Ra1 Bc2 19. Re1 Nb8 20. Bb6 Rd2 21. Re2 Nd7 22. Be3 Rxe2 23. Bxe2 Bxe3 24. fxe3 Ne5 25. Rc1 Bf5 26. e4 Bg6 27. Rd1 Kc7 28. Kf2 f6 29. Ke3 Rc8 30. Na4 Kc6 31. c5 Nf7 32. b4 Rd8 33. Rxd8 Nxd8 34. Nb6 Bf7 35. Bc4 Kc7 36. a3 Kc6 37. Bb3 e5 38. Bd5+ Kc7 39. Nc4 Be8 40. Nd6 Ba4 41. Ne8+ Bxe8 {[%emt 0:00:03] Kd4} 0-1

[Event "RUS-chT Women Rapid 2019"]
[Site "Sochi"]
[Date "2019.10.18"]
[Round "3.12"]
[White "Markelova, Lubov"]
[Black "Dumcheva, Julia"]
[Result "1-0"]
[ECO "A37"]
[WhiteElo "2198"]
[BlackElo "2168"]
[Annotator "NA"]
[PlyCount "137"]
[EventDate "2019.10.18"]
[EventType "swiss"]
[EventCountry "RUS"]
[SourceTitle "playchess.com"]
[Source "ChessBase"]
[SourceQuality "1"]
[TimeControl "900+10"]

1. Nf3 c5 2. c4 g6 3. Nc3 Bg7 4. g3 Nc6 5. Bg2 d6 6. O-O e6 7. d3 Nge7 8. Bd2 O-O 9. Qc1 Re8 10. Rb1 b6 11. Bh6 Bh8 12. Bg5 Bb7 13. Ne4 f5 14. Nf6+ Bxf6 15. Bxf6 Rf8 16. Bc3 f4 17. Ng5 Qd7 18. Bh3 Nf5 19. Qxf4 e5 20. Qd2 Qe7 21. Bg2 Ncd4 22. Bxb7 Qxb7 23. e4 Qe7 24. exf5 Qxg5 25. Qxg5 Nf3+ 26. Kg2 Nxg5 27. fxg6 hxg6 28. f4 exf4 29. Rxf4 Rxf4 30. gxf4 Ne6 31. Kg3 Rf8 32. Rf1 Rf5 33. h4 Kf7 34. a3 a6 35. Kg4 b5 36. Kg3 d5 37. Be5 d4 38. b3 Nf8 39. Re1 Rh5 40. Bd6 Ne6 41. Re5 Rxe5 42. fxe5 bxc4 43. bxc4 Ke8 44. Kf3 Kd7 45. Ke4 Kc6 46. Be7 Kd7 47. Bd6 Kc6 48. Be7 Kb6 49. Bg5 Kc6 50. Be7 a5 51. a4 Ng7 52. Bd8 Nf5 53. Bxa5 Nxh4 54. Be1 Nf5 55. a5 Ne7 56. Bh4 Nc8 57. Bg5 Na7 58. e6 Nc8 59. e7 Nd6+ 60. Ke5 Kd7 61. a6 Ne8 62. a7 Nc7 63. Kf6 Ke8 64. Kxg6 Na8 65. Kf5 Nc7 66. Ke5 Kd7 67. e8=Q+ Kxe8 68. Kd6 Na8 69. Kc6 1-0

[Event "RUS-chT Women Rapid 2019"]
[Site "Sochi"]
[Date "2019.10.18"]
[Round "4.1"]
[White "Bodnaruk, Anastasia"]
[Black "Ambartsumova, Karina"]
[Result "1/2-1/2"]
[ECO "C67"]
[WhiteElo "2419"]
[BlackElo "2341"]
[Annotator "NA"]
[PlyCount "136"]
[EventDate "2019.10.18"]
[EventType "swiss"]
[EventCountry "RUS"]
[SourceTitle "playchess.com"]
[Source "ChessBase"]
[SourceQuality "1"]
[TimeControl "900+10"]

1. e4 e5 2. Nf3 Nc6 3. Bb5 Nf6 4. O-O Nxe4 5. d4 Nd6 6. dxe5 Nxb5 7. a4 Nbd4 8. Nxd4 Nxd4 9. Qxd4 Be7 10. Qg4 g6 11. Qg3 d5 12. exd6 Bxd6 13. Qc3 f6 14. Qb3 Qe7 15. Bd2 Be6 16. Qxb7 O-O 17. Qc6 Rab8 18. Bc3 Qf7 19. Nd2 Bd5 20. Qa6 Qe6 21. Qd3 c6 22. Rfe1 Qg4 23. Ne4 Bc7 24. f3 Qf4 25. g3 Qf5 26. Kg2 Rbd8 27. Qe2 Qe6 28. Qa6 Qf5 29. Qxa7 Rd7 30. Qd4 Rdf7 31. a5 Be5 32. Qd3 Bxc3 33. Nxc3 Qxd3 34. cxd3 Rb8 35. Re2 Bb3 36. Ra3 Ra7 37. Ne4 Kf7 38. Nc5 Bd5 39. a6 Rb5 40. d4 Rb4 41. Rd2 g5 42. b3 g4 43. Kf2 Bxf3 44. Ke3 h5 45. Ra1 Bd5 46. Rd3 Kg6 47. Kf4 Bf3 48. Re1 Bd5 49. Re8 Kg7 50. Rd8 Kg6 51. Ke3 Rb5 52. Rd7 Ra8 53. Kf4 Ra5 54. Re3 Ra1 55. Ree7 Rf1+ 56. Ke3 Rf3+ 57. Ke2 Bxb3 58. a7 Bc4+ 59. Kd2 Rf2+ 60. Kc3 Bd5 61. Rb7 Ra2 62. Nd3 Ra3+ 63. Kd2 Ra2+ 64. Ke3 Ra3 65. Kf4 Rg8 66. Re3 Ra8 67. Ree7 Rg8 68. Re3 Ra8 {[%emt 0:00:01] Ke4} 1/2-1/2

[Event "RUS-chT Women Rapid 2019"]
[Site "Sochi"]
[Date "2019.10.18"]
[Round "4.2"]
[White "Shafigullina, Zarina"]
[Black "Ovod, Evgenija"]
[Result "0-1"]
[ECO "D02"]
[WhiteElo "2295"]
[BlackElo "2347"]
[Annotator "NA"]
[PlyCount "122"]
[EventDate "2019.10.18"]
[EventType "swiss"]
[EventCountry "RUS"]
[SourceTitle "playchess.com"]
[Source "ChessBase"]
[SourceQuality "1"]
[TimeControl "900+10"]

1. d4 d5 2. Nf3 Nf6 3. g3 Bg4 4. Bg2 Nbd7 5. Nbd2 e6 6. O-O Be7 7. c4 c6 8. Re1 O-O 9. e4 Bb4 10. Qb3 Bxf3 11. Qxb4 Bxg2 12. Kxg2 Qb6 13. Qc3 dxe4 14. Nxe4 Nxe4 15. Rxe4 c5 16. dxc5 Qc6 17. f3 Nxc5 18. Rg4 f6 19. Bh6 Rf7 20. Rd1 e5 21. Be3 Ne6 22. c5 Rd8 23. Rxd8+ Nxd8 24. Qb3 Ne6 25. Qa4 Qd5 26. Qc4 Qd7 27. Qc2 f5 28. Rc4 f4 29. Bf2 Ng5 30. g4 e4 31. fxe4 Qxg4+ 32. Kf1 Qh3+ 33. Ke2 Qf3+ 34. Ke1 Re7 35. Qe2 Qh1+ 36. Kd2 Nxe4+ 37. Kc2 Qg2 38. Rd4 Qxf2 39. Qxf2 Nxf2 40. Rxf4 Ne4 41. b4 g5 42. Rf5 Kg7 43. Kd3 Kg6 44. Rd5 Nf6 45. Rd6 Rd7 46. Rxd7 Nxd7 47. Ke4 h5 48. Kd5 g4 49. Kd6 Nf6 50. Kc7 h4 51. b5 g3 52. hxg3 hxg3 53. Kxb7 g2 54. c6 g1=Q 55. c7 Qb6+ 56. Kc8 Qxb5 57. a4 Qxa4 58. Kb8 Qb5+ 59. Ka8 Qc6+ 60. Kb8 Nd7+ 61. Kc8 Nb6+ 0-1

[Event "RUS-chT Women Rapid 2019"]
[Site "Sochi"]
[Date "2019.10.18"]
[Round "4.3"]
[White "Belenkaya, Dina"]
[Black "Yakimova, Mariya"]
[Result "1-0"]
[ECO "B25"]
[WhiteElo "2300"]
[BlackElo "2276"]
[Annotator "NA"]
[PlyCount "97"]
[EventDate "2019.10.18"]
[EventType "swiss"]
[EventCountry "RUS"]
[SourceTitle "playchess.com"]
[Source "ChessBase"]
[SourceQuality "1"]
[TimeControl "900+10"]

1. e4 c5 2. Nc3 Nc6 3. g3 g6 4. Bg2 Bg7 5. d3 d6 6. Nf3 e5 7. Bg5 Nge7 8. Qd2 h6 9. Be3 Be6 10. O-O g5 11. Ne1 Ng6 12. Nd5 Bxd5 13. exd5 Nce7 14. Qe2 O-O 15. Qh5 Qe8 16. h4 gxh4 17. Bxh6 Bxh6 18. Qxh6 Nf5 19. Qh5 Nd4 20. c3 Nb5 21. Be4 Nc7 22. Nf3 Kg7 23. Nxh4 Rh8 24. Qg5 Qd8 25. Nf5+ Kf8 26. Qg4 Ne8 27. Kg2 Nf6 28. Qf3 Nh5 29. Rh1 Qg5 30. Kf1 Rd8 31. Ke2 Rd7 32. Rh3 f6 33. Rah1 Rdh7 34. Kd1 Kg8 35. Ne7+ Nxe7 36. Bxh7+ Rxh7 37. Rxh5 Rxh5 38. Rxh5 Qg6 39. g4 Kg7 40. Kc2 Ng8 41. Qf5 Nh6 42. Qd7+ Nf7 43. f3 Kg8 44. Qxb7 Ng5 45. Qb8+ Kg7 46. Qxa7+ Nf7 47. a4 c4 48. Qe3 Ng5 49. a5 1-0

[Event "RUS-chT Women Rapid 2019"]
[Site "Sochi"]
[Date "2019.10.18"]
[Round "4.4"]
[White "Markelova, Lubov"]
[Black "Styazhkina, Anna"]
[Result "1-0"]
[ECO "D12"]
[WhiteElo "2198"]
[BlackElo "2280"]
[Annotator "NA"]
[PlyCount "103"]
[EventDate "2019.10.18"]
[EventType "swiss"]
[EventCountry "RUS"]
[SourceTitle "playchess.com"]
[Source "ChessBase"]
[SourceQuality "1"]
[TimeControl "900+10"]

1. Nf3 d5 2. d4 Nf6 3. c4 c6 4. e3 Bf5 5. cxd5 cxd5 6. Nc3 Nc6 7. Ne5 e6 8. g4 Be4 9. f3 Bg6 10. h4 h5 11. Nxg6 fxg6 12. g5 Ng8 13. Bh3 Qd6 14. Kf2 O-O-O 15. Bd2 Kb8 16. Nb5 Qd7 17. e4 Qf7 18. exd5 Rxd5 19. Qe2 e5 20. Rac1 Nge7 21. dxe5 Rxe5 22. Qd3 Nd5 23. Rhe1 Rxe1 24. Rxe1 Bc5+ 25. Kg2 Rd8 26. Qe4 Nc7 27. Bf4 Bb6 28. Be6 Qe7 29. Nxc7 Bxc7 30. Bxc7+ Qxc7 31. Re2 Nd4 32. Rd2 Nxe6 33. Rxd8+ Nxd8 34. Qxg6 a6 35. Qxh5 Qc2+ 36. Kg3 Nc6 37. Qh8+ Ka7 38. Qxg7 Qd1 39. Kg4 Nd4 40. Qf6 Qg1+ 41. Kh5 Ne2 42. g6 Ng3+ 43. Kh6 Qe3+ 44. Kh7 Nh5 45. Qf7 Qd3 46. f4 Qh3 47. Qe7 Nxf4 48. Qc5+ Ka8 49. Qf8+ Ka7 50. Qxf4 Qd7+ 51. g7 Qd3+ 52. Kh8 1-0

[Event "RUS-chT Women Rapid 2019"]
[Site "Sochi"]
[Date "2019.10.18"]
[Round "4.5"]
[White "Voit, Daria"]
[Black "Pogonina, Natalija"]
[Result "1/2-1/2"]
[ECO "D30"]
[WhiteElo "2336"]
[BlackElo "2479"]
[Annotator "ChessBase"]
[PlyCount "135"]
[EventDate "2019.10.18"]
[EventType "swiss"]
[EventCountry "RUS"]
[SourceTitle "playchess.com"]
[Source "ChessBase"]
[SourceQuality "1"]
[TimeControl "900+10"]

1. d4 d5 2. c4 e6 3. Nf3 Nf6 4. g3 Bb4+ 5. Bd2 Bd6 6. Bg2 c6 7. O-O O-O 8. b3 Nbd7 9. Bc3 Ne4 10. Nfd2 f5 11. Bb2 a5 12. Nxe4 fxe4 13. f3 exf3 14. Rxf3 Rxf3 15. exf3 Nf6 16. Qe2 c5 17. cxd5 exd5 18. Nc3 cxd4 19. Nb5 Bc5 20. Bxd4 Bxd4+ 21. Nxd4 Qb6 22. Rd1 Bd7 23. h3 a4 24. Kh2 axb3 25. axb3 Re8 26. Qd3 Qc5 27. Nc2 Bb5 28. Qf5 Be2 29. Rd2 Qc3 30. Qf4 h6 31. Qb4 Qc7 32. Qd4 Bb5 33. Ne3 Bc6 34. f4 Kh8 35. b4 Qe7 36. Nf5 Qe6 37. g4 Kh7 38. Rd3 Qg8 39. Re3 Rxe3 40. Nxe3 Qf8 41. Nf5 Bd7 42. Ne3 Bc6 43. Nf5 Bd7 44. Ne3 Be6 45. Qb6 Bc8 46. Bxd5 Qe7 47. Bg2 Nd7 48. Qd4 Nf6 49. Qd3+ Kh8 50. Qc3 Bd7 51. Qd4 Bc6 52. Bxc6 bxc6 53. Kg3 Qe6 54. Qd8+ Kh7 55. Qd3+ Kh8 56. Kf3 Qe7 57. Qd4 Qe6 58. Qd8+ Kh7 59. Qd3+ Kh8 60. Qc4 Qd7 61. Qc5 Qe6 62. Qc4 Qd7 63. Qc5 Qe6 64. Qc4 Qd7 65. Qc3 Qe6 66. Qc4 Qd7 67. Qc3 Qe6 68. Qc4 1/2-1/2

[Event "RUS-chT Women Rapid 2019"]
[Site "Sochi"]
[Date "2019.10.18"]
[Round "4.6"]
[White "Girya, Olga"]
[Black "Tomilova, Elena"]
[Result "1/2-1/2"]
[ECO "E15"]
[WhiteElo "2476"]
[BlackElo "2345"]
[Annotator "ChessBase"]
[PlyCount "111"]
[EventDate "2019.10.18"]
[EventType "swiss"]
[EventCountry "RUS"]
[SourceTitle "playchess.com"]
[Source "ChessBase"]
[SourceQuality "1"]
[TimeControl "900+10"]

1. d4 Nf6 2. c4 e6 3. Nf3 b6 4. g3 Bb4+ 5. Bd2 c5 6. Bxb4 cxb4 7. Bg2 Bb7 8. O-O a5 9. Qd3 O-O 10. Rd1 d6 11. Nbd2 Qe7 12. e4 e5 13. a3 Na6 14. Nh4 g6 15. Nf1 bxa3 16. bxa3 Rfd8 17. Ne3 Rac8 18. Rab1 Qc7 19. Nd5 Bxd5 20. cxd5 Nb8 21. dxe5 dxe5 22. Bh3 Nbd7 23. Bxd7 Nxd7 24. Nf3 Qc3 25. Kg2 Qxd3 26. Rxd3 Rc4 27. Nd2 Rc2 28. Nf1 Rdc8 29. Ne3 R2c3 30. Rb3 Rxd3 31. Rxd3 a4 32. d6 f6 33. Nd5 Rc4 34. f3 Kf7 35. Nxb6 Rc2+ 36. Kh3 Nxb6 37. d7 Nxd7 38. Rxd7+ Ke6 39. Ra7 Rc3 40. Ra6+ Ke7 41. Rxa4 Rxf3 42. Kg2 Rb3 43. Ra7+ Ke6 44. h4 f5 45. exf5+ gxf5 46. a4 h5 47. a5 Ra3 48. a6 Kf6 49. Ra8 Kg7 50. Kf2 Ra2+ 51. Kf3 Ra3+ 52. Kg2 Ra2+ 53. Kf1 Ra3 54. Kf2 Ra2+ 55. Kf1 Ra3 56. Kf2 1/2-1/2

[Event "RUS-chT Women Rapid 2019"]
[Site "Sochi"]
[Date "2019.10.18"]
[Round "4.7"]
[White "Gritsayeva, Oksana"]
[Black "Guseva, Marina"]
[Result "1-0"]
[ECO "B23"]
[WhiteElo "2370"]
[BlackElo "2366"]
[Annotator "NA"]
[PlyCount "49"]
[EventDate "2019.10.18"]
[EventType "swiss"]
[EventCountry "RUS"]
[SourceTitle "playchess.com"]
[Source "ChessBase"]
[SourceQuality "1"]
[TimeControl "900+10"]

1. e4 c5 2. Nc3 d6 3. f4 Nc6 4. Bb5 Bd7 5. Nf3 a6 6. Bxc6 Bxc6 7. d4 cxd4 8. Qxd4 e6 9. O-O Nf6 10. a4 Be7 11. b3 O-O 12. Bb2 Rc8 13. Qd3 Qb6+ 14. Kh1 Ng4 15. Ne2 e5 16. Ng3 Nf2+ 17. Rxf2 Qxf2 18. Rf1 Qb6 19. Nf5 Qd8 20. fxe5 dxe5 21. Nxe5 Bf6 22. Qg3 Qc7 23. Nh6+ Kh8 24. Rxf6 Rcd8 25. Rf1 1-0

[Event "RUS-chT Women Rapid 2019"]
[Site "Sochi"]
[Date "2019.10.18"]
[Round "4.8"]
[White "Kovanova, Baira"]
[Black "Vasilevich, Tatjana"]
[Result "1-0"]
[ECO "D93"]
[WhiteElo "2344"]
[BlackElo "2360"]
[Annotator "NA"]
[PlyCount "119"]
[EventDate "2019.10.18"]
[EventType "swiss"]
[EventCountry "RUS"]
[SourceTitle "playchess.com"]
[Source "ChessBase"]
[SourceQuality "1"]
[TimeControl "900+10"]

1. Nf3 Nf6 2. c4 g6 3. d4 Bg7 4. Bf4 O-O 5. e3 d5 6. Nc3 c5 7. Be2 dxc4 8. Bxc4 cxd4 9. Nxd4 Nh5 10. Bg5 h6 11. Bh4 Bxd4 12. exd4 Ng7 13. Bg3 Nf5 14. d5 Nd7 15. Bf4 Nb6 16. Bb3 Kh7 17. O-O Bd7 18. Qd3 Rc8 19. Rfe1 Re8 20. a4 Nd6 21. Qf3 Nbc4 22. Re2 Nf5 23. Qd3 Na5 24. Ba2 Qb6 25. Rd1 Nb3 26. Bxb3 Qxb3 27. Rde1 Qc4 28. Qd2 Rcd8 29. Re4 Qc5 30. Qe2 Qb6 31. Be5 a6 32. Qf3 Kg8 33. b4 Rc8 34. a5 Qa7 35. Rg4 b6 36. Rf4 bxa5 37. bxa5 Qc5 38. Ne4 Qxa5 39. Bc3 Qa3 40. g4 Nh4 41. Qe3 g5 42. Rf3 Nxf3+ 43. Qxf3 Rxc3 44. Nxc3 Bxg4 45. Qg3 Rc8 46. Re3 Bf5 47. h4 Qd6 48. hxg5 Qxg3+ 49. Rxg3 hxg5 50. Rxg5+ Bg6 51. Ne2 Kg7 52. Re5 Kf8 53. Nd4 Rc7 54. Nc6 f6 55. Re3 Bf7 56. Nb8 a5 57. Ra3 Rc1+ 58. Kh2 Rc5 59. Nd7+ Kg7 60. Nxc5 1-0